 Dungeon Crawl Stone Soup version 0.12.2-12-gd1dd697 (webtiles) character file.

1680 Gabry the Covered (level 8, 0/68 HPs)
             Began as a Minotaur Fighter on July 23, 2013.
             Was an Initiate of Elyvilon.
             Killed by divine providence
             ... invoked by an orc priest
              (14 damage)
             ... on Level 6 of the Dungeon on July 24, 2013.
             The game lasted 00:49:15 (4742 turns).

Gabry the Covered (Minotaur Fighter)                Turns: 4742, Time: 00:49:17

HP   0/68        AC 13     Str 24      XL: 8   Next: 48%
MP   2/2         EV  7     Int  5      God: Elyvilon [......]
Gold 216         SH 11     Dex 12      Spells:  0 memorised,  7 levels left

Res.Fire  : . . .   See Invis. : .   y - +0,+5 orc short sword (venom)
Res.Cold  : . . .   Warding    : .   t - +1 chain mail
Life Prot.: . . .   Conserve   : .   j - +0 buckler
Res.Poison: .       Res.Corr.  : .   (helmet restricted)
Res.Elec. : .       Clarity    : .   (no cloak)
Sust.Abil.: . .     Spirit.Shd : .   p - +2 pair of gloves {Str+3}
Res.Mut.  : +       Stasis     : .   (no boots)
Res.Rott. : .       Ctrl.Telep.: .   h - amulet of resist mutation {unknown}
Saprovore : . . .   Flight     : .   (no ring)
                                     (no ring)

@: slightly resistant to hostile enchantments, extremely unstealthy
A: retaliatory headbutt, horns 2
a: Lesser Healing, Renounce Religion


You were on level 6 of the Dungeon.
You worshipped Elyvilon.
Elyvilon was pleased with you.
You were not hungry.

You visited 1 branch of the dungeon, and saw 6 of its levels.

You collected 234 gold pieces.
You spent 38 gold pieces at shops.

Inventory:

Hand weapons
 f - a +3,+0 hand axe of freezing
 g - a cursed +0,+0 orcish hand axe
 i - a +0,+0 sling
 k - a +0,+1 orcish dagger
 o - a cursed +0,-1 dwarven dagger
 r - a cursed -1,+0 orcish dagger (quivered)
 y - a +0,+5 orcish short sword of venom (weapon)
Armour
 a - a cursed +0 orcish plate armour
 e - a +0 orcish ring mail
 j - a +0 buckler (worn)
 p - a +2 pair of gloves of strength (worn)
 t - a +1 chain mail (worn)
Magical devices
 l - a wand of heal wounds (0)
Comestibles
 d - 2 bread rations
 s - a sausage
 u - a slice of pizza
Scrolls
 m - a scroll of fog
 n - a scroll of remove curse
 q - 3 scrolls of teleportation
Jewellery
 b - a +2 ring of strength {unknown}
 h - an amulet of resist mutation (around neck) {unknown}
Potions
 c - a potion of confusion {unknown}
 x - 2 potions of paralysis {unknown}
 B - 2 potions of slowing {unknown}


   Skills:
 + Level 5.2 Fighting
 * Level 4.4 Short Blades
   Level 3.4 Maces & Flails
 + Level 7.1 Armour
 + Level 5.0 Dodging
 + Level 0.8 Stealth
 + Level 5.8 Shields
 + Level 1.0 Traps


You had 7 spell levels left.
You didn't know any spells.

Dungeon Overview and Level Annotations

Branches:
Dungeon (6/27)             Temple (0/1) D:6             Orc (0/4) D:6

Altars:
Elyvilon
Xom
Yredelemnul
the Shining One

Shops:
D:6: [


Innate Abilities, Weirdness & Mutations

You reflexively headbutt those who attack you in melee.
You have a pair of horns on your head.


Message History

You see here a rat corpse.
The orc priest calls down the wrath of Beogh upon you.
Something smites you!
There is an escape hatch in the ceiling here.
You hit the orc warrior but do no damage.
You block the orc warrior's attack.
You hit the orc warrior.
The orc warrior is poisoned.
You headbutt the orc warrior.
The orc warrior is moderately wounded.
You hit the orc warrior but do no damage.
The orc warrior is moderately wounded.
The orc warrior hits you but does no damage.
The orc priest hits you with a glowing orcish dagger.
You hit the orc warrior but do no damage.
The orc warrior is moderately wounded.
The orc warrior hits you with a runed orcish battleaxe!
* * * LOW HITPOINT WARNING * * *
The orc priest calls down the wrath of Beogh upon you.
Something smites you!
You die...

##...........# ##..............
##.............###...............
#...............#................
.................................
....................#............
...................###...........
.................<## ##.....o....
.∩.....>.>.....oo## ##..%o%....
........>.......@.## #...o......
...................###...........
....................#............
..............(..................
#...............#...............o
##.............###...............
##...........# ##..............
##.........## ##.............
##.....#.....## #...... ...


You could see an orc warrior and an orc priest.

Vanquished Creatures
  2 orc warriors (D:6)
  A hippogriff skeleton (D:4)
  2 ogres
  A giant frog (D:6)
  Blork the orc (D:5)
  3 crimson imps
  An orc priest (D:6)
  2 iguanas
  A scorpion (D:4)
  7 orc wizards
  2 hounds
  3 worker ants
  Ijyb (D:3)
  Jessica (D:3)
  A jelly (D:5)
  Terence (D:3)
  11 gnolls
  A giant mite (D:3)
  11 adders
  An inept feature mimic (D:2)
  2 worms (D:3)
  6 giant geckos
  An ooze (D:4)
  24 orcs
  12 bats
  4 giant cockroaches
  12 goblins
  6 hobgoblins
  6 jackals
  6 kobolds
  A quokka (D:3)
  2 ball pythons
  5 giant newts
  11 rats
152 creatures vanquished.

Vanquished Creatures (others)
  An orc (D:6)
1 creature vanquished.

Grand Total: 153 creatures vanquished

Notes
Turn   | Place    | Note
--------------------------------------------------------------
     0 | D:1      | Gabry, the Minotaur Fighter, began the quest for the Orb.
     0 | D:1      | Reached XP level 1. HP: 19/19 MP: 0/0
   271 | D:1      | Reached XP level 2. HP: 26/26 MP: 0/0
   295 | D:1      | Reached skill level 4 in Shields
   764 | D:2      | Reached XP level 3. HP: 31/33 MP: 1/1
   857 | D:2      | Reached skill level 1 in Dodging
  1021 | D:2      | Reached XP level 4. HP: 27/40 MP: 1/1
  1324 | D:3      | Noticed Ijyb
  1334 | D:3      | Killed Ijyb
  1423 | D:3      | Noticed Terence
  1432 | D:3      | Killed Terence
  1432 | D:3      | Reached XP level 5. HP: 28/46 MP: 1/1
  1473 | D:3      | Found a white marble altar of Elyvilon.
  1486 | D:3      | Noticed Jessica
  1501 | D:3      | Killed Jessica
  1625 | D:3      | Became a worshipper of Elyvilon the Healer
  1685 | D:3      | Found a shimmering altar of Xom.
  2265 | D:4      | Reached skill level 1 in Short Blades
  2265 | D:4      | Reached skill level 5 in Armour
  2265 | D:4      | Reached XP level 6. HP: 39/53 MP: 2/2
  2307 | D:4      | Reached skill level 5 in Shields
  2585 | D:4      | Acquired Elyvilon's first power
  2659 | D:4      | Reached XP level 7. HP: 41/60 MP: 2/2
  3119 | D:4      | Reached skill level 6 in Armour
  3214 | D:5      | Entered Level 5 of the Dungeon
  3306 | D:5      | Noticed Blork the orc
  3576 | D:5      | Killed Blork the orc
  3790 | D:5      | Reached skill level 5 in Fighting
  3979 | D:6      | Found a basalt altar of Yredelemnul.
  4015 | D:6      | Found Kiazoeck's Antique Armour Shoppe.
  4047 | D:6      | Found a glowing golden altar of the Shining One.
  4107 | D:6      | Bought a pair of glowing gloves for 38 gold pieces
  4144 | D:6      | Found a staircase to the Ecumenical Temple.
  4193 | D:6      | Reached XP level 8. HP: 68/68 MP: 2/2
  4461 | D:6      | Reached skill level 5 in Dodging
  4473 | D:6      | Reached skill level 7 in Armour
  4473 | D:6      | Reached skill level 1 in Traps
  4477 | D:6      | Found a staircase to the Orcish Mines.
  4742 | D:6      | Killed from afar by an orc priest

Action                   |  1- 3 |  4- 6 |  7- 9 || total
-------------------------+-------+-------+-------++-------
Melee: Mace              |    78 |    77 |       ||   155
       Short sword       |       |    74 |   217 ||   291
  Use: Potion            |     1 |     1 |     3 ||     5
       Scroll            |     3 |    10 |    11 ||    24
